 Dungeon Crawl Stone Soup version 0.20.1-1-g8b1a95d (webtiles) character file.

487 homeworkjunkie the Chopper (level 7, -2/61 HPs)
             Began as a Hill Orc Fighter on Dec 15, 2017.
             Was a Follower of Okawaru.
             Killed by nerve-wracking pain
             ... invoked by letownia2's ghost
              (11 damage)
             ... on level 4 of the Dungeon.
             The game lasted 00:05:45 (2826 turns).

homeworkjunkie the Chopper (Hill Orc Fighter)       Turns: 2826, Time: 00:05:46

Health: -2/61      AC: 13    Str: 21    XL:     7   Next: 13%
Magic:  7/7        EV:  4    Int:  6    God:    Okawaru [*.....]
Gold:   233        SH: 10    Dex: 12    Spells: 6/6 levels left

rFire    + . .     SeeInvis +   a - +1 war axe
rCold    . . .     Gourm    +   c - +0 shield
rNeg     . . .     Faith    .   l - +1 plate armour
rPois    +         Spirit   .   (no helmet)
rElec    .         Reflect  .   (no cloak)
rCorr    .         Harm     .   (no gloves)
MR       .....                  (no boots)
Stlth    ..........             h - amulet of the gourmand
Regen    0.2/turn               i - ring of see invisible
MPRegen  0.1/turn               b - ring of protection from fire

@: no status effects
A: agile 1, dopey 1, poison resistance
a: Heroism, Renounce Religion


You were on level 4 of the Dungeon.
You worshipped Okawaru.
Okawaru was aware of your devotion.
You were not hungry.

You visited 1 branch of the dungeon, and saw 5 of its levels.

You collected 233 gold pieces.

Inventory:

Hand Weapons
 a - a +1 war axe (weapon)
Armour
 c - a +0 shield (worn)
 l - a +1 plate armour (worn)
Jewellery
 b - a ring of protection from fire (right hand)
 h - an amulet of the gourmand (around neck)
 i - a ring of see invisible (left hand)
Scrolls
 m - 2 scrolls of teleportation
 n - 3 scrolls of remove curse
Potions
 d - 2 potions of might
 e - 2 potions of heal wounds
 f - a potion of berserk rage {unknown}
 j - 5 potions of curing
Comestibles
 k - a bread ration


   Skills:
 * Level 5.2 Fighting
 * Level 6.7 Axes
 * Level 4.6 Armour
 + Level 0.7 Dodging
 * Level 4.6 Shields


You had 6 spell levels left.
You didn't know any spells.

Dungeon Overview and Level Annotations

Branches:
Dungeon (5/15)
 Temple: D:4-7

Altars:
Ashenzari
Gozag
Hepliaklqana
Okawaru
Trog
Uskayaw

Annotations:
D:4 letownia2's ghost, amateur DDNe


Innate Abilities, Weirdness & Mutations

You are agile. (Dex +2)
You are dopey. (Int -2)
Your system is resistant to poisons. (rPois)


Message History

You closely miss letownia2's ghost.
Letownia2's ghost is severely damaged.
Letownia2's ghost hits you but does no damage.
You closely miss letownia2's ghost.
Letownia2's ghost is severely damaged.
Letownia2's ghost casts a spell at you.
You struggle to resist.
Letownia2's ghost points at you and mumbles some strange words.
Pain shoots through your body!
You are too injured to fight recklessly!
You are too injured to fight recklessly!
You are too injured to fight recklessly!
You are too injured to fight recklessly!
You are too injured to fight recklessly!
Letownia2's ghost casts a spell at you. Pain shoots through your body!
* * * LOW HITPOINT WARNING * * *
Letownia2's ghost points at you and mumbles some strange words.
Pain shoots through your body!
You die...

##.. ...# ...#
...# ###### .#.#
......##.#.###.
#.....W.....<..
###o#(##.###.###
#<..)s.@........
###########.#.####
............# #.
########..).# #.
######....# .
#...##....# #
#...##....# ##
#...##....### #.
+...'†........ #.


You could see a scorpion, letownia2's ghost and an orc.

Vanquished Creatures
  An ice beast (D:5)
  A bullfrog (D:5)
  A howler monkey (D:3)
  2 orc priests (D:4)
  2 orc wizards
  Jessica (D:2)
  A worker ant (D:4)
  4 adders
  An ooze (D:2)
  3 worms
  A dart slug (D:2)
  4 leopard geckos
  9 orcs
  5 bats
  2 giant cockroaches
  2 goblins (D:2)
  9 hobgoblins
  4 jackals (D:3)
  3 quokkas
  2 ball pythons
  7 frilled lizards
  6 kobolds
  4 rats
75 creatures vanquished.

Notes
Turn   | Place    | Note
-------+----------+-------------------------------------------
     0 | D:1      | homeworkjunkie the Hill Orc Fighter began the quest for the Orb.
     0 | D:1      | Reached XP level 1. HP: 19/19 MP: 1/1
   228 | D:3      | Reached XP level 2. HP: 19/27 MP: 2/2
   254 | D:3      | Found a hide-covered altar of Uskayaw.
   310 | D:4      | Reached skill level 3 in Axes
   329 | D:4      | Reached XP level 3. HP: 25/33 MP: 3/3
   753 | D:3      | Reached XP level 4. HP: 9/40 MP: 4/4
  1030 | D:3      | Gained mutation: You are agile. (Dex +2) [potion of mutation]
  1030 | D:3      | Gained mutation: You are dopey. (Int -2) [potion of mutation]
  1030 | D:3      | Gained mutation: Your system is resistant to poisons. (rPois) [potion of mutation]
  1092 | D:2      | Reached skill level 4 in Axes
  1237 | D:3      | Reached XP level 5. HP: 47/47 MP: 5/5
  1248 | D:3      | Found an iron altar of Okawaru.
  1249 | D:3      | Found a bloodstained altar of Trog.
  1256 | D:3      | Became a worshipper of Warmaster Okawaru
  1424 | D:2      | Noticed Jessica
  1435 | D:2      | Killed Jessica
  1575 | D:2      | Found a shattered altar of Ashenzari.
  1708 | D:2      | Found a faded altar of an unknown god.
  1769 | D:2      | Found an opulent altar of Gozag.
  2023 | D:2      | Reached skill level 5 in Axes
  2460 | D:5      | Entered Level 5 of the Dungeon
  2461 | D:5      | Noticed an ice beast
  2464 | D:5      | Reached XP level 6. HP: 47/55 MP: 6/6
  2472 | D:5      | Killed an ice beast
  2472 | D:5      | Reached skill level 5 in Fighting
  2613 | D:4      | Reached skill level 6 in Axes
  2691 | D:4      | Reached XP level 7. HP: 40/61 MP: 7/7
  2702 | D:4      | Found a hazy altar of Hepliaklqana.
  2805 | D:4      | Noticed letownia2's ghost (amateur DDNe)
  2809 | D:4      | Reached * piety under Okawaru
  2826 | D:4      | Killed from afar by letownia2's ghost

Skill      XL: |  1  2  3  4  5  6 |
---------------+-------------------+-----
Axes           | 3 4 5 6 |  6.7
Fighting       | 4 5 |  5.2
Shields        | 4 |  4.6
Armour         | 4 |  4.6
Dodging        | |  0.7

Action                   |  1- 3 |  4- 6 |  7- 9 || total
-------------------------+-------+-------+-------++-------
Melee: War axe           |    81 |   116 |    24 ||   221
  Use: Scroll            |     1 |    10 |       ||    11
       Potion            |       |     4 |       ||     4
 Stab: Sleeping          |       |     1 |       ||     1
  Eat: Fruit             |       |     3 |       ||     3
       Bread ration      |       |     1 |       ||     1
Armor: Scale mail        |    62 |    48 |       ||   110
       Plate armour      |       |     4 |    10 ||    14
Dodge: Dodged            |    35 |    27 |     4 ||    66
Block: Shield            |    57 |    53 |    15 ||   125
